 Dungeon Crawl Stone Soup version 0.16-a0-3149-g1169300 (webtiles) character file.

4498 Johnny the Quickloader (level 10, -10/80 HPs)
             Began as a Human Hunter on Dec 14, 2014.
             Was an Elder of Okawaru.
             Mangled by a yak (14 damage)
             ... on level 10 of the Dungeon.
             The game lasted 00:30:49 (10387 turns).

Johnny the Quickloader (Human Hunter)              Turns: 10387, Time: 00:30:49

Health: -10/80     AC:  5    Str: 12    XL:     10   Next: 65%
Magic:  19/19      EV: 16    Int: 13    God:    Okawaru [****..]
Gold:   1044       SH:  0    Dex: 16    Spells: 0 memorised, 9 levels left

rFire  . . .     SeeInvis .     t - +2 hand axe (flame)
rCold  . . .     Clarity  .     d - +1 leather armour
rNeg   + . .     SustAb   .     (no shield)
rPois  +         Gourm    .     (no helmet)
rElec  .         Spirit   .     (no cloak)
rCorr  .         Warding  +     u - +0 pair of gloves
rMut   .         Stasis   .     (no boots)
MR     .....                    x - amulet of warding
Stlth  +.........               B - ring of poison resistance
                                z - ring of magical power

@: very slightly contaminated, drained, not resistant to hostile enchantments,
very unstealthy
A: no striking features
a: Heroism, Renounce Religion


You were on level 10 of the Dungeon.
You worshipped Okawaru.
Okawaru was greatly pleased with you.
You were near starving.

You visited 1 branch of the dungeon, and saw 10 of its levels.
You also visited: Bailey.

You collected 1044 gold pieces.

Inventory:

Hand weapons
 t - a +2 hand axe of flaming (weapon)
 H - a +1 hand crossbow of freezing
Armour
 d - a +1 leather armour (worn)
 u - a +0 pair of gloves (worn)
 J - a +0 ring mail of fire resistance
Jewellery
 b - an uncursed ring of fire
 x - an amulet of warding (around neck)
 z - a ring of magical power (left hand)
 B - a ring of poison resistance (right hand)
Magical devices
 e - a wand of digging (8)
 l - a wand of slowing (3)
 s - a wand of polymorph (0)
 I - a wand of flame (0)
Scrolls
 i - 4 scrolls of amnesia
 k - a scroll of immolation
 p - 4 scrolls of remove curse
 D - 2 scrolls of random uselessness
 K - a scroll of vulnerability {unknown}
 M - a scroll of fog {unknown}
 O - a scroll of magic mapping {unknown}
Potions
 h - a potion of cancellation
 v - a potion of restore abilities
 A - a potion of cure mutation {unknown}
 G - a potion of agility {unknown}
Books
 F - a book of Cantrips

   Spells                             Type                      Level
   a - Corona                         Hexes                        1
   b - Animate Skeleton               Necromancy                   1
   c - Summon Small Mammal            Summoning                    1
   d - Apportation                    Translocation                1
 L - a book of Debilitation

   Spells                             Type                      Level
   a - Corona                         Hexes                        1
   b - Slow                           Hexes                        2
   c - Inner Flame                    Hexes/Fire                   3
   d - Enslavement                    Hexes                        4
   e - Cause Fear                     Hexes                        4
   f - Leda's Liquefaction            Hexes/Earth                  4
Comestibles
 a - a beef jerky
 c - a slice of pizza
 f - 6 bread rations
 j - 6 meat rations


   Skills:
 + Level 7.7(6.8) Fighting
 * Level 11.1(10.1) Crossbows
 + Level 7.8(6.9) Dodging
 - Level 1.0(0.2) Stealth


You had 9 spell levels left.
You didn't know any spells.

Dungeon Overview and Level Annotations

Branches:
Dungeon (10/15)            Temple (0/1) D:5
   Lair: D:8-11         Orc: D:9-12

Altars:
Ashenzari
Dithmenos
Makhleb
Nemelex Xobeh
Okawaru
Sif Muna
Trog
Vehumet
Xom
Yredelemnul
Zin

Shops:
D:5 :

Annotations:
D:8 myeffort's ghost, experienced OgWz
D:9 Malachi's ghost, experienced DrCj
D:10 hackum's ghost, powerful KoHu


Message History

The rat bites you but does no damage.
Read which item? (? for menu, Esc to quit)
Okay, then.
Cornered, the bat turns to fight!
The rat closely misses you.
You hit the bat. You burn the bat.
You kill the bat!
Okawaru accepts your kill.
You hit the yak but do no damage. You barely miss the rat.
The bat barely misses you. The bat closely misses you. The rat misses you.
Unknown command.
The bat misses you. The bat barely misses you. The bat completely misses you.
Unknown command.
Unknown command.
The bat completely misses you. The bat closely misses you. The yak gores you.
* * * LOW HITPOINT WARNING * * *
The rat barely misses you.
Unknown command.
Unknown command.
The bat completely misses you. The bat misses you. The yak gores you!
You die...

... ..# #.# #.# #.##
#.# #.### ..# #...##
...## ##.rY##
#r..[#######.YrY@##.
#..rY..Y.W.r.r.b.#
#........r..b#####
#...#######..# #..#
#..# #ยง.# #.## #.b#
#.# ##r.# #.#
##.r.## .


You could see 4 yaks, hackum's ghost, 2 bats and 5 rats.

Vanquished Creatures
  A two-headed ogre (D:9)
  A wyvern (D:8)
  2 hippogriffs (D:7)
  A hungry ghost (D:6)
  Edmund (D:9)
  4 orc warriors
  A black bear (D:6)
  2 ice beasts
  3 ogres
  3 phantoms
  A sky beast (D:6)
  A centaur (D:9)
  8 giant frogs
  Blork the orc (D:7)
  4 scorpions
  3 crimson imps
  3 hounds
  A jelly (D:6)
  A giant frog zombie (D:8)
  5 iguanas
  5 orc priests
  9 worker ants
  A giant frog skeleton (D:4)
  14 orc wizards
  A killer bee zombie (D:5)
  Ijyb (D:6)
  2 hound skeletons
  A gnoll (Bailey)
  6 adders
  2 shadow imps
  2 giant mites
  A worm (D:2)
  An adder zombie (D:5)
  4 adder skeletons
  9 giant geckos
  34 orcs
  2 gnoll zombies (D:4)
  12 goblins
  17 hobgoblins
  8 jackals
  33 kobolds
  2 oozes
  2 quokkas
  18 bats
  6 giant cockroaches
  7 giant newts
  17 rats
  10 ballistomycetes (D:7)
274 creatures vanquished.

Vanquished Creatures (others)
  A fulminant prism (D:9)
  3 giant spores
4 creatures vanquished.

Grand Total: 278 creatures vanquished

Notes
Turn   | Place    | Note
--------------------------------------------------------------
     0 | D:1      | Johnny, the Human Hunter, began the quest for the Orb.
     0 | D:1      | Reached XP level 1. HP: 16/16 MP: 1/1
   139 | D:1      | Reached XP level 2. HP: 17/23 MP: 2/2
   422 | D:1      | Reached XP level 3. HP: 10/28 MP: 3/3
  1028 | D:2      | Reached XP level 4. HP: 34/34 MP: 4/4
  1850 | D:3      | Found a shattered altar of Ashenzari.
  1970 | D:3      | Reached skill level 5 in Crossbows
  1970 | D:3      | Reached XP level 5. HP: 39/41 MP: 5/5
  2119 | D:4      | Found an iron altar of Okawaru.
  2133 | D:4      | Became a worshipper of Warmaster Okawaru
  2575 | D:4      | Reached XP level 6. HP: 24/47 MP: 6/6
  3226 | D:4      | Found a bloodstained altar of Trog.
  3295 | D:4      | Found a basalt altar of Yredelemnul.
  3352 | D:5      | Entered Level 5 of the Dungeon
  3443 | D:5      | Reached skill level 6 in Crossbows
  3670 | D:5      | Found Diafaphe's Book Boutique.
  3681 | D:5      | Reached XP level 7. HP: 33/53 MP: 7/7
  3740 | D:5      | Acquired Okawaru's first power
  4028 | D:5      | Found a shadowy altar of Dithmenos.
  4063 | D:5      | Noticed an ice beast
  4347 | D:5      | Killed an ice beast
  4608 | D:5      | Reached skill level 7 in Crossbows
  4608 | D:5      | Reached XP level 8. HP: 42/61 MP: 8/8
  4895 | D:5      | Found a sparkling altar of Nemelex Xobeh.
  4986 | D:5      | Found a staircase to the Ecumenical Temple.
  5406 | D:6      | Reached skill level 5 in Fighting
  5406 | D:6      | Reached skill level 5 in Dodging
  5462 | D:6      | Reached skill level 8 in Crossbows
  5472 | D:6      | Noticed Ijyb
  5487 | D:6      | Killed Ijyb
  5594 | D:6      | Reached XP level 9. HP: 61/68 MP: 9/9
  5792 | D:6      | Found a burning altar of Makhleb.
  5794 | D:6      | Found a radiant altar of Vehumet.
  6221 | D:7      | Reached skill level 9 in Crossbows
  6420 | D:7      | Found a shimmering altar of Xom.
  6490 | D:7      | Noticed Blork the orc
  6494 | D:7      | Killed Blork the orc
  6645 | D:7      | Found a glowing silver altar of Zin.
  6736 | D:7      | Found a deep blue altar of Sif Muna.
  7400 | D:8      | Noticed myeffort's ghost (experienced OgWz)
  7720 | D:8      | Reached skill level 10 in Crossbows
  7720 | D:8      | Reached XP level 10. HP: 70/77 MP: 10/10
  8554 | D:8      | Received a gift from Okawaru
  8923 | D:9      | Noticed Edmund
  8937 | D:9      | Killed Edmund
  9034 | D:9      | Found a flagged portal.
  9046 | Bailey   | Entered a bailey
  9052 | Bailey   | Noticed an orc knight
  9149 | Bailey   | Reached skill level 11 in Crossbows
  9394 | Bailey   | Noticed an orc knight
  9763 | D:9      | Noticed Malachi's ghost (experienced DrCj)
  9791 | D:9      | HP: 2/79 [Malachi's ghost/magic dart (8)]
  9797 | D:10     | Entered Level 10 of the Dungeon
 10254 | D:10     | Noticed hackum's ghost (powerful KoHu)
 10386 | D:10     | HP: 3/80 [yak (6)]
 10387 | D:10     | Mangled by a yak

Action                   |  1- 3 |  4- 6 |  7- 9 | 10-12 || total
-------------------------+-------+-------+-------+-------++-------
Melee: Hand axe          |       |   144 |   197 |   104 ||   445
       Short sword       |       |     7 |       |       ||     7
 Fire: Hand crossbow     |    74 |    28 |   221 |   196 ||   519
Evoke: Wand              |       |       |       |    10 ||    10
  Use: Potion            |       |     4 |     2 |    11 ||    17
       Scroll            |       |       |     5 |     8 ||    13
 Stab: Sleeping          |       |     3 |       |       ||     3
       Distracted        |       |     1 |     1 |       ||     2
  Eat: Chunk             |       |     7 |    10 |     3 ||    20
       Fruit             |       |     1 |     2 |       ||     3
       Beef jerky        |       |       |     2 |       ||     2
       Pizza             |       |       |       |     3 ||     3
